 Dungeon Crawl Stone Soup version 0.28-a0-1506-g3893175d92 (webtiles) character file.

Game seed: 1137594493369334610

295 oldriver the Ducker (level 6, 0/51 HPs)
             Began as a Gnoll Gladiator on Jan 14, 2022.
             Succumbed to an orc wizard's poison
             ... on level 2 of the Dungeon.
             The game lasted 00:04:03 (4338 turns).

oldriver the Ducker (Gnoll Gladiator)               Turns: 4338, Time: 00:04:04

Health: 0/51       AC:  4    Str: 16    XL:     6   Next: 34%
Magic:  8/8        EV: 14    Int:  7    God:
Gold:   146        SH:  0    Dex: 13    Spells: 8/8 levels left

rFire   . . .      SeeInvis .   j - +1 dagger (venom)
rCold   . . .      Faith    .   (no shield)
rNeg    . . .      Spirit   .   b - +0 leather armour
rPois   .          Reflect  .   c - +0 helmet
rElec   .          Harm     .   m - scarf {repulsion}
rCorr   .          Rampage  .   (no gloves)
Will    .....                   (no boots)
Stlth   +.........              (no amulet)
HPRegen 0.17/turn               f - ring of flight
MPRegen 0.11/turn               (no ring)

@: confused, lethally poisoned (0 -> -5), flying, repel missiles
A: fangs 1, strong nose, distributed training
a: no special abilities


You were on level 2 of the Dungeon.
You visited 1 branch of the dungeon, and saw 3 of its levels.

You collected 146 gold pieces.

Inventory:

Hand Weapons
 j - a +1 dagger of venom (weapon)
Missiles
 d - 2 throwing nets
 k - 24 stones (quivered)
Armour
 b - a +0 leather armour (worn)
 c - a +0 helmet (worn)
 m - a scarf of repulsion (worn)
Jewellery
 f - a ring of flight (left hand)
Wands
 o - a wand of digging (2)
Scrolls
 e - a scroll of brand weapon {unknown}
 g - a scroll of silence {unknown}
 n - a scroll of vulnerability {unknown}


   Skills:
 + Level 5.0 Fighting
 + Level 1.9 Short Blades
 + Level 6.8 Long Blades
 + Level 1.9 Axes
 + Level 1.9 Maces & Flails
 + Level 1.9 Polearms
 + Level 1.9 Staves
 + Level 1.9 Slings
 + Level 1.9 Bows
 + Level 1.9 Crossbows
 + Level 5.0 Throwing
 + Level 1.9 Armour
 + Level 6.8 Dodging
 + Level 1.9 Stealth
 + Level 1.9 Shields
 + Level 1.9 Unarmed Combat
 + Level 1.9 Spellcasting
 + Level 1.5 Conjurations
 + Level 1.5 Hexes
 + Level 1.5 Summonings
 + Level 1.5 Necromancy
 + Level 1.5 Translocations
 + Level 1.5 Transmutations
 + Level 1.5 Fire Magic
 + Level 1.5 Ice Magic
 + Level 1.5 Air Magic
 + Level 1.5 Earth Magic
 + Level 1.5 Poison Magic
 + Level 2.1 Invocations
 + Level 1.9 Evocations


You had 8 spell levels left.
You didn't know any spells.
Your spell library was empty.

Dungeon Overview and Level Annotations

Branches:
Dungeon (3/15)

Altars:


Innate Abilities, Weirdness & Mutations

You have very sharp teeth.
Your uncanny sense of smell can sniff out nearby items.
Your experience applies equally to all skills.


Message History

You feel very sick.
Unknown command.
You hit the adder.
The adder is poisoned.
The adder is severely wounded.
You feel sick. The adder bites you but does no damage.
The orc wizard hits you with a +2 dagger of venom.
* * * LOW HITPOINT WARNING * * *
You closely miss the adder.
The adder is severely wounded.
You feel sick. The adder closely misses you. The orc wizard barely misses you.
The adder bites you.
* * * LOW HITPOINT WARNING * * *
Unknown command.
You miss the adder.
The adder is severely wounded.
You feel less invigorated.
You feel sick. The orc hits you but does no damage.
The adder barely misses you. The orc hits you but does no damage.
The orc wizard hits you but does no damage.
You are lethally poisoned!
Unknown command.
You hit the adder.
You kill the adder!
* * * LOW HITPOINT WARNING * * *
You feel sick. The orc misses you. The orc hits you with a +0 dagger.
* * * LOW HITPOINT WARNING * * *
Your Fighting skill increases to level 5!
Your Throwing skill increases to level 5!
You hit the orc but do no damage.
* * * LOW HITPOINT WARNING * * *
You feel sick. The orc wizard casts a spell at you.
You are more confused.
The orc closely misses you.
Unknown command.
You are too confused!
* * * LOW HITPOINT WARNING * * *
You feel sick. The orc closely misses you.
Unknown command.
You closely miss the orc.
You die...

##### ####### #######...#
#.....#
..........###.....###########
....#..#....................#
....#.)#........@oo.........#
....#..#.........o..........#
.......)......#.......>.....#
.......#......#.............#
.......#......#......########
.......####...#......#
.......# #...#......#
.......# #...########
.......########


You could see an orc wizard and 2 orcs.

Vanquished Creatures
  2 orc priests
  Jessica (D:2)
  Ijyb (D:3)
  An orc wizard (D:2)
  5 gnolls
  3 adders
  A worm (D:2)
  2 dart slugs
  6 orcs
  5 ball pythons
  3 bats (D:2)
  4 endoplasms
  6 giant cockroaches
  5 goblins
  6 hobgoblins
  9 kobolds
  2 quokkas
  6 frilled lizards
  8 rats
76 creatures vanquished.

Notes
Turn   | Place    | Note
-------+----------+-------------------------------------------
     0 | D:1      | oldriver the Gnoll Gladiator began the quest for the Orb.
     0 | D:1      | Reached XP level 1. HP: 20/20 MP: 1/1
   107 | D:1      | Reached XP level 2. HP: 26/26 MP: 2/2
   520 | D:1      | Reached XP level 3. HP: 28/31 MP: 3/3
   860 | D:2      | Reached skill level 1 in Invocations
  1117 | D:2      | Found a faded altar of an unknown god.
  1238 | D:2      | Reached skill level 1 in Short Blades
  1238 | D:2      | Reached skill level 1 in Axes
  1238 | D:2      | Reached skill level 1 in Maces & Flails
  1238 | D:2      | Reached skill level 1 in Polearms
  1238 | D:2      | Reached skill level 1 in Staves
  1238 | D:2      | Reached skill level 1 in Slings
  1238 | D:2      | Reached skill level 1 in Bows
  1238 | D:2      | Reached skill level 1 in Crossbows
  1238 | D:2      | Reached skill level 1 in Armour
  1238 | D:2      | Reached skill level 1 in Stealth
  1238 | D:2      | Reached skill level 1 in Shields
  1238 | D:2      | Reached skill level 1 in Unarmed Combat
  1238 | D:2      | Reached skill level 1 in Spellcasting
  1238 | D:2      | Reached skill level 1 in Evocations
  1265 | D:2      | Identified the +1 ring mail "Ufeyso" {rElec Will+ Int+3}
  1310 | D:2      | Noticed Jessica
  1332 | D:2      | Reached XP level 4. HP: 30/38 MP: 5/5
  1339 | D:2      | Killed Jessica
  1340 | D:2      | Reached skill level 1 in Conjurations
  1340 | D:2      | Reached skill level 1 in Hexes
  1340 | D:2      | Reached skill level 1 in Summonings
  1340 | D:2      | Reached skill level 1 in Necromancy
  1340 | D:2      | Reached skill level 1 in Translocations
  1340 | D:2      | Reached skill level 1 in Transmutations
  1340 | D:2      | Reached skill level 1 in Fire Magic
  1340 | D:2      | Reached skill level 1 in Ice Magic
  1340 | D:2      | Reached skill level 1 in Air Magic
  1340 | D:2      | Reached skill level 1 in Earth Magic
  1340 | D:2      | Reached skill level 1 in Poison Magic
  1930 | D:2      | Reached XP level 5. HP: 43/43 MP: 6/6
  2590 | D:3      | Noticed Ijyb
  2710 | D:3      | Killed Ijyb
  3471 | D:2      | Reached XP level 6. HP: 49/50 MP: 8/8
  4336 | D:2      | Reached skill level 5 in Fighting
  4336 | D:2      | Reached skill level 5 in Throwing
  4337 | D:2      | HP: 1/51 [poisoned by an orc wizard]
  4338 | D:2      | Succumbed to an orc wizard's poison

Illustrated notes

Levels and vault maps discovered:
D:1:      matt_arrival_grand_opening, layout_loops_ring
D:2:      layout_basic, chequers_ecumenical_altar_twisty, minmay_tromino_i2,
          uniq_jessica
D:3:      layout_rooms, serial_shops, shop, corexii_item_surrounded_by_moat,
          uniq_ijyb, uniq_grinder

Skill      XL: |  1  2  3  4  5  6 |
---------------+-------------------+-----
Invocations    | 1 2 |  2.1
Short Blades   | 1 |  1.9
Axes           | 1 |  1.9
Maces & Flails | 1 |  1.9
Polearms       | 1 |  1.9
Staves         | 1 |  1.9
Slings         | 1 |  1.9
Bows           | 1 |  1.9
Crossbows      | 1 |  1.9
Armour         | 1 |  1.9
Stealth        | 1 |  1.9
Shields        | 1 |  1.9
Unarmed Combat | 1 |  1.9
Spellcasting   | 1 |  1.9
Evocations     | 1 |  1.9
Conjurations   | 1 |  1.5
Hexes          | 1 |  1.5
Summonings     | 1 |  1.5
Necromancy     | 1 |  1.5
Translocations | 1 |  1.5
Transmutations | 1 |  1.5
Fire Magic     | 1 |  1.5
Ice Magic      | 1 |  1.5
Air Magic      | 1 |  1.5
Earth Magic    | 1 |  1.5
Poison Magic   | 1 |  1.5
Fighting       | 5 |  5.0
Throwing       | 5 |  5.0
Long Blades    | |  6.8
Dodging        | |  6.8

Action                   |  1- 3 |  4- 6 || total
-------------------------+-------+-------++-------
Melee: Long sword        |    77 |       ||    77
       Punch             |     2 |     3 ||     5
       Bite              |     8 |    16 ||    24
       Dagger            |    14 |   104 ||   118
Throw: Stone             |    21 |    54 ||    75
       Throwing net      |     3 |       ||     3
  Use: Potion            |     2 |     2 ||     4
       Scroll            |       |     4 ||     4
 Stab: Sleeping          |     2 |       ||     2
       Distracted        |       |     1 ||     1
Armor: Leather armour    |     8 |    25 ||    33
Dodge: Dodged            |    58 |    93 ||   151

Table legend: (Time is in decaauts)
 A = Elapsed time spent in this place.
 B = Non-inter-level travel time spent in this place.
 C = Inter-level travel time spent in this place.
 D = Time resting spent in this place.
 E = Time spent auto-exploring this place.
 F = Levels seen in this place.
 G = Mean time per level.
                   A        B        C        D        E       F      G
               +--------+--------+--------+--------+--------+-----+--------+
         Total |   4345 |   4238 |    107 |   1714 |   1856 |   3 | 1448.3 |
       Dungeon |   4345 |   4238 |    107 |   1714 |   1856 |   3 | 1448.3 |
               +--------+--------+--------+--------+--------+-----+--------+

Top non-repeatable levels by time:
     D:2: 2591 daAuts
     D:3: 1012 daAuts
     D:1: 741 daAuts
